 Dungeon Crawl Stone Soup version 0.21-a0-578-gc6e9d75 (webtiles) character file.

877 stormannn the Reanimator (level 8, -3/52 HPs)
             Began as a Human Necromancer on Dec 19, 2017.
             Slain by Sin92's ghost (14 damage)
             ... on level 5 of the Dungeon.
             The game lasted 00:25:39 (7351 turns).

stormannn the Reanimator (Human Necromancer)        Turns: 7351, Time: 00:25:39

Health: -3/52      AC:  5    Str:  9      XL:     8   Next: 25%
Magic:  0/15       EV: 12    Int: 18      God:
Gold:   200        SH:  0    Dex: 10 (13) Spells: 4/17 levels left

rFire    + . .     SeeInvis +   z - staff of summoning
rCold    . . .     Gourm    .   (no shield)
rNeg     . . .     Faith    .   a - +0 robe
rPois    .         Spirit   .   (no helmet)
rElec    .         Reflect  .   (no cloak)
rCorr    .         Harm     .   i - +0 pair of gloves (curse)
MR       .....                  g - +0 pair of boots
Stlth    ++........             (no amulet)
HPRegen  0.17/turn              h - ring of see invisible
MPRegen  0.14/turn              t - ring of protection from fire

@: no status effects
A: shaggy fur 1, wild magic 1
a: no special abilities


You were on level 5 of the Dungeon.
You were not hungry.

You visited 1 branch of the dungeon, and saw 6 of its levels.

You collected 200 gold pieces.

Inventory:

Hand Weapons
 d - a +1 short sword of electrocution
 f - a cursed -2 dagger
Armour
 a - a +0 robe (worn)
 g - a +0 pair of boots (worn)
 i - a cursed +0 pair of gloves (worn)
Magical Staves
 z - an uncursed staff of summoning (weapon)
Jewellery
 h - a ring of see invisible (left hand)
 m - an uncursed ring of stealth
 t - a ring of protection from fire (right hand)
Wands
 B - a wand of acid (7)
Scrolls
 e - 9 scrolls of identify {unknown}
 j - 4 scrolls of remove curse {unknown}
 k - a scroll of enchant weapon {unknown}
 n - 2 scrolls of enchant armour {unknown}
 s - a scroll of immolation {unknown}
 u - a scroll of fog {unknown}
 x - 3 scrolls of teleportation {unknown}
 y - 2 scrolls of amnesia {unknown}
Potions
 l - a potion of ambrosia
 q - a potion of mutation
 v - 2 potions of cancellation
 A - a potion of flight {unknown}
Books
 b - a book of Necromancy

   Spells                             Type                      Level
   a - Pain                           Necromancy                   1
   b - Animate Skeleton               Necromancy                   1
   c - Vampiric Draining              Necromancy                   3
   d - Regeneration                   Charms/Necromancy            3
   e - Animate Dead                   Necromancy                   4
   f - Control Undead                 Necromancy                   4
Comestibles
 c - 7 rations


   Skills:
 - Level 2.0 Dodging
 - Level 2.0 Stealth
 + Level 5.0 Spellcasting
 * Level 8.3 Necromancy


You had 4 spell levels left.
You knew the following spells:

 Your Spells              Type           Power        Failure   Level  Hunger
a - Pain                  Necr           ####         1%          1    None
b - Animate Skeleton      Necr           N/A          1%          1    None
c - Regeneration          Chrm/Necr      ####......   11%         3    ##.....
d - Animate Dead          Necr           N/A          7%          4    ####...
e - Control Undead        Necr           #####.....   7%          4    ####...


Dungeon Overview and Level Annotations

Branches:
Dungeon (6/15)
 Temple: D:4-7

Altars:
Hepliaklqana
Trog
Wu Jian
Yredelemnul
Zin

Shops:
D:3 *

Annotations:
D:2 Sigmund
D:5 Eustachio; Sin92's ghost, novice DrFi


Innate Abilities, Weirdness & Mutations

You are covered in fur. (AC +1)
Your spells are a little harder to cast, but a little more powerful.


Message History

The quasit closely misses you. x2; The quasit completely misses you.
Sin92's ghost hits you! The quasit barely misses you. The quasit misses you.
The quasit claws you but does no damage.
Sin92's ghost hits you.
Casting: Pain
Confirm with . or Enter, or press ? or * to list all spells.
Sin92's ghost resists with almost no effort.
The quasit barely misses you. The quasit closely misses you.
The quasit claws you but does no damage.
Sin92's ghost hits you!
* * * LOW HITPOINT WARNING * * *
The quasit bites you.
* * * LOW HITPOINT WARNING * * *
You feel clumsy.
The quasit claws you but does no damage.
The quasit barely misses you. The quasit closely misses you.
The quasit misses you. The quasit closely misses you. Sin92's ghost hits you!
You die...

#.##...###. ## #<##...# #. #...
#.###### ## #...# #.# #...#
######.### #...# #.>......
######...######.##...#
####............5#.##...###
..[............W@.........# ###
####.............#.#.....##....
..#######...######........#....
#.# #...# #..........# #.#
#..†# ##..#.#..### #.# #..[#
#(........# #.# #...#
#...##..#.# ..## ##W##
#...##..#.# ##.#######.#
#.#.....#.##


You could see a quasit and Sin92's ghost.

Vanquished Creatures
  A hungry ghost (D:3)
  An orc warrior (D:6)
  An ice beast (D:6)
  A necrophage (D:5)
  An ogre (D:4)
  Blork the orc (D:5)
  A hound (D:4)
  An orc priest (D:3)
  2 orc wizards (D:6)
  Terence (D:2)
  Natasha (thrice) (D:2)
  2 worker ants
  Robin (D:4)
  A worker ant zombie (D:6)
  5 adders
  A howler monkey skeleton (D:5)
  An adder skeleton (D:5)
  2 worms
  2 dart slugs
  7 leopard geckos
  2 orcs (D:3)
  3 giant cockroaches
  11 goblins
  7 hobgoblins
  5 jackals
  8 kobolds
  4 quokkas
  3 bats
  2 frilled lizards
  4 rats
85 creatures vanquished.

Vanquished Creatures (collateral kills)
  Jessica (D:2)
  A worker ant (D:4)
  An orc wizard (D:6)
  An adder (D:3)
  A worm (D:2)
  3 orcs
  A bat (D:3)
  3 goblins (D:4)
  A jackal (D:1)
  3 quokkas (D:3)
  A frilled lizard (D:2)
  4 kobolds
21 creatures vanquished.

Grand Total: 106 creatures vanquished

Notes
Turn   | Place    | Note
-------+----------+-------------------------------------------
     0 | D:1      | stormannn the Human Necromancer began the quest for the Orb.
     0 | D:1      | Reached XP level 1. HP: 13/13 MP: 3/3
   297 | D:1      | Reached XP level 2. HP: 14/19 MP: 0/5
   551 | D:1      | Learned a level 1 spell: Animate Skeleton
  1148 | D:1      | Reached XP level 3. HP: 18/24 MP: 0/6
  1448 | D:1      | Learned a level 3 spell: Regeneration
  1476 | D:2      | Noticed Natasha
  1482 | D:2      | Killed Natasha
  1482 | D:2      | Reached XP level 4. HP: 16/30 MP: 0/7
  1707 | D:2      | Reached skill level 5 in Necromancy
  1712 | D:2      | Noticed Natasha
  1716 | D:2      | Killed Natasha
  1740 | D:2      | Noticed Jessica
  1779 | D:2      | Killed Jessica
  1849 | D:2      | Reached XP level 5. HP: 17/35 MP: 0/9
  1856 | D:2      | Noticed Natasha
  2083 | D:2      | Noticed Terence
  2122 | D:2      | Killed Terence
  2189 | D:2      | Learned a level 4 spell: Animate Dead
  2414 | D:2      | Noticed Sigmund
  2439 | D:2      | Found a bloodstained altar of Trog.
  2485 | D:2      | Killed Natasha
  3132 | D:3      | Reached skill level 6 in Necromancy
  3132 | D:3      | Reached XP level 6. HP: 38/41 MP: 6/11
  3368 | D:3      | Noticed a hungry ghost
  3392 | D:3      | Killed a hungry ghost
  3707 | D:3      | Found Zin's Purification Station.
  3716 | D:3      | Found a glowing silver altar of Zin.
  4041 | D:3      | Found a hazy altar of Hepliaklqana.
  4338 | D:4      | Noticed an ogre
  4355 | D:4      | Killed an ogre
  4355 | D:4      | Reached skill level 7 in Necromancy
  4355 | D:4      | Reached XP level 7. HP: 25/46 MP: 3/13
  4562 | D:4      | Found an ornate altar of the Wu Jian Council.
  4895 | D:4      | Found a basalt altar of Yredelemnul.
  4956 | D:4      | Noticed Robin
  5000 | D:4      | Killed Robin
  5602 | D:5      | Entered Level 5 of the Dungeon
  5678 | D:5      | Noticed Blork the orc
  5684 | D:5      | Noticed Sin92's ghost (novice DrFi)
  5694 | D:5      | Killed Blork the orc
  5984 | D:5      | Learned a level 4 spell: Control Undead
  6471 | D:6      | Reached XP level 8. HP: 32/52 MP: 1/15
  6606 | D:6      | Reached skill level 8 in Necromancy
  6661 | D:6      | Reached skill level 5 in Spellcasting
  6683 | D:6      | Gained mutation: Your spells are a little harder to cast, but a little more powerful. [potion of mutation]
  6683 | D:6      | Gained mutation: You are covered in fur. (AC +1) [potion of mutation]
  7277 | D:6      | Noticed Eustachio
  7351 | D:5      | Slain by Sin92's ghost

Vault maps used:
D:1:      nicolae_arrival_somewhat_less_tricky_arrival
D:2:      lightli_temple_of_fire, hangedman_decor_points, uniq_sigmund,
          uniq_terence, uniq_natasha, uniq_crazy_yiuf_cottage, uniq_jessica
D:3:      zin_purify, overflow_temple_1_default
D:4:      nicolae_overflow_hidden_temple, uniq_robin
D:5:      gammafunk_temple_overflow_wave, first_ration, uniq_blork_the_orc
D:6:      serial_glass, glass_columns_a, glass_columns_b,
          minmay_strange_pillars, item_on_display_a, uniq_eustachio,
          uniq_grinder

Skill      XL: |  1  2  3  4  5  6  7  8 |
---------------+-------------------------+-----
Necromancy     | 5 6 7 8 |  8.3
Spellcasting   | 3 4 5 |  5.0
Dodging        | |  2.0
Stealth        | |  2.0

Action                   |  1- 3 |  4- 6 |  7- 9 || total
-------------------------+-------+-------+-------++-------
Melee: Short sword       |     8 |     6 |    17 ||    31
       Unarmed           |     1 |       |       ||     1
       Staff             |       |       |    22 ||    22
 Cast: Pain              |    43 |    86 |    80 ||   209
       Animate Skeleton  |     4 |     3 |       ||     7
       Animate Dead      |       |    12 |    10 ||    22
       Control Undead    |       |       |     7 ||     7
       Regeneration      |       |       |     3 ||     3
  Use: Potion            |     1 |       |     8 ||     9
 Stab: Distracted        |       |     1 |       ||     1
  Eat: Chunk             |     1 |     6 |     2 ||     9
       Ration            |     1 |     2 |     3 ||     6
Armor: Robe              |    22 |    14 |    60 ||    96
       Skin              |       |       |     1 ||     1
Dodge: Dodged            |    39 |    34 |   124 ||   197

Table legend:
 A = Spawn XP
 B = Non-spawn XP
 C = Spawn XP percentage of total XP
 D = Spawn monster count
 E = Non-spawn monster count
 F = Spawn count percentage of total count
 G = Total turns spent on level
                    A         B        C        D         E        F      G
               +---------+---------+-------+---------+---------+-------+---------
         Total |       0 |    1253 |   0.0 |       0 |     105 |   0.0 |  7351
               +---------+---------+-------+---------+---------+-------+---------
           D:1 |       0 |      34 |   0.0 |       0 |      21 |   0.0 |  1476
           D:2 |       0 |     200 |   0.0 |       0 |      21 |   0.0 |  1159
           D:3 |       0 |     243 |   0.0 |       0 |      24 |   0.0 |  1686
           D:4 |       0 |     255 |   0.0 |       0 |      22 |   0.0 |  1281
           D:5 |       0 |     169 |   0.0 |       0 |      10 |   0.0 |   676
           D:6 |       0 |     352 |   0.0 |       0 |       7 |   0.0 |  1073
               +---------+---------+-------+---------+---------+-------+---------
